Map: Nightshade LE

Players

흑심품은연필 - Winner!

  • Race: Terran Terran
  • League: Silver
  • Spawn Location: 5:00

JohnnyV

  • Race: Terran Terran
  • League: Bronze
  • Spawn Location: 11:00

VOD

Have the link to the VOD?

Description

Time

  • Played on: April 30, 2020, 8:29 a.m.
  • Length: 5:04
Show
View Real Time Build Order
Export as new Build Order

흑심품은연필 Terran - Winner!

Build Orders: 1/1/1, Cyclone Opening 

Get SALT Encoding   

  12  0:00  SCV  
  13  0:12  SCV  
  14  0:17  Supply Depot  
  14  0:25  SCV  
  15  0:28  Refinery  
  15  0:39  SCV  
  16  0:45  Barracks  
  16  0:51  SCV  
  16  0:54  Refinery  
  17  1:03  SCV  
  18  1:15  SCV  
  19  1:31  Orbital Command  
  19  1:32  Factory  
  19  1:37  Reaper  
  20  1:49  Supply Depot  
  20  1:57  SCV  
  21  2:09  SCV  
  21  2:10  Barracks Tech Lab  
  22  2:17  Starport  
  22  2:21  SCV  
  22  2:22  Supply Depot  
  23  2:32  Cyclone  
  23  2:35  SCV  
  27  2:47  SCV  
  28  2:56  Fusion Core  
  28  2:59  SCV  
  29  3:11  SCV  
  30  3:17  Command Center  
  30  3:23  SCV  
  32  3:46  Battlecruiser  
  36  3:50  SCV  
  38  4:02  SCV  
  38  4:15  SCV  
  39  4:27  SCV  
  39  4:29  Refinery  
  39  4:31  Orbital Command  
  40  4:32  Refinery  
  37  4:39  SCV  
  37  4:41  Barracks Tech Lab  
  38  4:46  Supply Depot  
  38  4:51  SCV  
Show
View Real Time Build Order
Export as new Build Order

JohnnyV Terran 

Build Orders:  

Get SALT Encoding   

  12  0:01  SCV  
  13  0:18  SCV, Supply Depot  
  14  0:30  SCV  
  15  0:41  Barracks  
  15  0:42  SCV  
  16  0:52  Refinery  
  16  0:54  SCV  
  17  1:06  SCV  
  18  1:18  SCV  
  19  1:36  Marine  
  20  1:43  Bunker  
  20  1:49  Orbital Command  
  20  1:52  Refinery  
  20  1:55  Reaper  
  21  2:13  Command Center  
  20  2:31  Marine  
  21  2:39  Factory  
  21  2:50  SCV  
  21  3:05  Marine  
  22  3:20  SCV  
  22  3:24  Marine  
  24  3:30  Supply Depot  
  24  3:32  SCV  
  25  3:39  Orbital Command  
  25  3:44  Widow Mine  
  26  4:11  Marine  
  26  4:13  Widow Mine  
  25  4:28  Marine  
  26  4:36  Starport  
  26  4:40  Barracks  
  28  4:56  Barracks Reactor  
Tags
 
Add a new tag
Caveats
  • Supply blocks, unpowered buildings, or Contaminate may cause inaccurate times.
  • Supply counts are checked every 10 seconds.